cohdb
Replays
Latest Replays
All Replays
Popular Replays
Top Player Replays
Match Explorer
How It Works
Community
CoH3 Stats
Reddit
Sign in to upload your games and track your stats! →
Sign in with Steam
Match 43417442
Unlisted
Match 43417442
Overview
Messages
Build Orders
End
Kradschützen Motorcycle Team
Panzerpioneer Squad
Selects Panzerjäger Kommand Battlegroup
Selects Mine Fields
Selects Blockade Equipment
Selects Blockade Equipment
Selects Blockade Equipment
250 Light Carrier
Panzergrenadier Squad
Panzergrenadier Squad
Selects Tank Busters
Construct Light Support Kompanie
Fire Support Elements
Panzerjäger Mechanized Group
Flakvierling Half-track
Veteran Squad Leaders
Selects Defensive Positions
Panzergrenadier Squad
Pak 38 Anti-tank Gun Team
Construct Panzerarmee Kommand
Armored Reserves
Panzer IV Assault Group
Dominik
beniu
Speedbird
[NiP] SimplyBest
0
0
Comments
sign in to comment!
No comments posted yet!